 Dungeon Crawl Stone Soup version 0.25.0-1-g7eea58d2a3 (webtiles) character file.

Game seed: 3723914170246613409

63 DeadF the Sneak (level 3, -2/14 HPs)
             Began as a Felid Enchanter on June 14, 2020.
             Killed by divine providence
             ... invoked by an orc priest
              (16 damage)
             ... on level 3 of the Dungeon.
             The game lasted 00:06:29 (3597 turns).

DeadF the Sneak (Felid Enchanter)                   Turns: 3597, Time: 00:06:29

Health: -2/14      AC:  1    Str:  4    XL:     3   Next: 87%
Magic:  7/7        EV: 19    Int: 16    God:
Gold:   56         SH:  0    Dex: 17    Spells: 3/6 levels left
                                        Lives:  0   Deaths: 0

rFire    . . .     SeeInvis +     - Unarmed
rCold    . . .     Gourm    .   (shield unavailable)
rNeg     . . .     Faith    .   (armour unavailable)
rPois    .         Spirit   .   (helmet unavailable)
rElec    .         Reflect  .   (cloak unavailable)
rCorr    .         Harm     .   (gloves unavailable)
MR       .....                  (boots unavailable)
Stlth    ++++......             (no amulet)
HPRegen  0.04/turn              (no ring)
MPRegen  0.10/turn              (no ring)

@: quick
A: very small, no armour, no weapons or thrown items, stealth, claws 1, fangs 3,
see invisible, carnivore, speed 1, shaggy fur 1, slow metabolism 1, sharp paws
a: no special abilities


You were on level 3 of the Dungeon.
You were completely stuffed.

You visited 1 branch of the dungeon, and saw 4 of its levels.

You collected 56 gold pieces.

Inventory:

Jewellery
 k - an uncursed ring of magical power {unknown}
Scrolls
 c - 3 scrolls of random uselessness {unknown}
 e - 3 scrolls of magic mapping {unknown}
 f - a scroll of teleportation {unknown}
 g - a scroll of blinking {unknown}
 j - 4 scrolls of identify {unknown}
 l - a scroll of remove curse {unknown}
 m - a scroll of enchant armour {unknown}
 n - a scroll of amnesia {unknown}
 q - a scroll of fog {unknown}
 r - a scroll of enchant weapon {unknown}
Potions
 a - a potion of berserk rage {unknown}
 d - a potion of ambrosia {unknown}
 h - a potion of cancellation {unknown}
 i - a potion of degeneration {unknown}
 p - a potion of magic {unknown}
 s - a potion of brilliance {unknown}
Comestibles
 b - 4 rations
 o - 4 chunks of flesh


   Skills:
 + Level 3.6 Dodging
 + Level 5.3 Stealth
 - Level 1.5 Unarmed Combat
 - Level 2.1 Spellcasting
 - Level 4.9 Hexes


You had 3 spell levels left.
You knew the following spells:

 Your Spells              Type           Power        Failure   Level  Hunger
a - Corona                Hex            ###....      2%          1    #......
b - Ensorcelled Hibernat  Hex/Ice        #.....       12%         2    ###....

Your spell library contained the following spells:

 Spells                   Type           Power        Failure   Level  Hunger
 Confusing Touch          Hex            ###.....     9%          3    ###....
 Tukima's Dance           Hex            ###.....     9%          3    ###....
 Dazzling Flash           Conj/Hex       #.....       22%         3    ###....


Dungeon Overview and Level Annotations

Branches:
Dungeon (4/15)
 Temple: D:4-7

Altars:

Annotations:
D:3 2 runed translucent doors, mayonnaise's ghost, amateur OgFE


Innate Abilities, Weirdness & Mutations

You cannot wear armour.
You are incapable of wielding weapons or throwing items.
Your paws allow you to move quietly. (Stealth)
You have sharp claws.
You have razor-sharp teeth.
You have supernaturally acute eyesight. (SInv)
You are carnivorous and can eat meat at any time.
You cover ground quickly.
You are covered in fur. (AC +1)
You have a slow metabolism.
Your sharp claws are effective at attacking unaware monsters.


Message History

A ball python is nearby!
A ball python is nearby!
You see here a blue potion.
Found an escape hatch in the ceiling.
Found a stone staircase leading up.
The helpless ball python fails to defend itself.
You claw the ball python!
You kill the ball python!
s - a blue potion
There is a stone staircase leading up here.
An orc comes into view. It is wielding a +0 flail.
An orc is nearby!
An orc is nearby!
An orc is nearby!
The orc shouts!
You hear a shout! x2 2 orcs and an orc priest come into view.
An orc is wielding a +2 flail of pain.
The orc priest mumbles some strange prayers to Beogh against you.
Beogh smites you!
Ouch! That really hurt!
You die...

#......##.##..####.......
#......##..#..#..........
#......##.......##.......
####...##.....####.......
#...##.#..............
#...##.#..#####.##.###
#####.#..# #.##.#
###.#.># #.##.# #o@....#
#.##.# #o###..# #.##.# #.
#..# #.##.# #o #..#####.#
.# #o #<.......# #.
#....<#### #. ####### #.


You could see an orc priest and 3 orcs.

Vanquished Creatures
  An adder (D:2)
  An ooze (D:1)
  2 dart slugs (D:3)
  A leopard gecko (D:3)
  An orc (D:3)
  A ball python (D:3)
  5 giant cockroaches
  2 goblins (D:3)
  5 hobgoblins
  2 jackals (D:3)
  5 bats
  3 frilled lizards
  A giant cockroach zombie (D:3)
  8 kobolds
  4 rats (D:1)
42 creatures vanquished.

Notes
Turn   | Place    | Note
-------+----------+-------------------------------------------
     0 | D:1      | DeadF the Felid Enchanter began the quest for the Orb.
     0 | D:1      | Reached XP level 1. HP: 7/7 MP: 4/4
    70 | D:1      | Reached XP level 2. HP: 6/11 MP: 6/6
  1392 | D:2      | Reached XP level 3. HP: 8/14 MP: 5/7
  2490 | D:2      | Learned a level 2 spell: Ensorcelled Hibernation
  2828 | D:3      | Reached skill level 5 in Stealth
  3193 | D:4      | Noticed an ogre
  3316 | D:3      | Found a large runed translucent door.
  3316 | D:3      | Found a large runed translucent door.
  3318 | D:3      | Noticed mayonnaise's ghost (amateur OgFE)
  3597 | D:3      | Killed from afar by an orc priest

Illustrated notes

Levels and vault maps discovered:
D:1:      ebering_trefoil_twist, layout_loops_cross
D:2:      layout_loops_cross, serial_bayou, serial_bayou_lagoon_a,
          serial_bayou_lake_a, serial_bayou_pond_d, serial_bayou_pond_d,
          minmay_pentomino_w2
D:3:      layout_basic, ebering_ghost_disaster_area
D:4:      layout_basic, first_ration, okawaru_altar_gauntlet_db

Skill      XL: |  1  2  3 |
---------------+----------+-----
Dodging        | 3 |  3.6
Stealth        | 5 |  5.3
Unarmed Combat | |  1.5
Spellcasting   | |  2.1
Hexes          | |  4.9

Action                   || total
-------------------------++-------
Melee: Unarmed           ||   154
       Bite              ||     7
       Punch             ||     1
 Cast: Corona            ||     6
       Ensorcelled Hiber ||     5
 Stab: Sleeping          ||    21
  Eat: Chunk             ||    13
Armor: Skin              ||    12
Dodge: Dodged            ||   105
